Winsalmostnever, neutral female human Valkyrie -------- .%.%+..| |.|.M@---.| |.|..dMe..|.. |.|----.---.| |.| |...+...| -------.--- ........| ---.----- |.| --- Winsalmostnever the Fighter Experience level: 7 Strength: 18 Dexterity: 12 Constitution: 18 Intelligence: 8 Wisdom: 10 Charisma: 9 Health: 0(88) Energy: 21(21) Def: 12 Gold: 379 Moves: 2976 Dungeon seed: GLXHwETxj-wmX35j Game ID: Winsalmostnever_1708893112 Your Inventory: Coins $ - 379 gold pieces Weapons a - an uncursed rusty +1 long sword (weapon in hand) Armor e - an uncursed burnt +3 small shield (being worn) q - an uncursed +0 dwarvish cloak (being worn) r - an uncursed +0 pair of iron shoes (being worn) y - an uncursed rusty +0 dwarvish iron helm (being worn) N - an uncursed +0 dwarvish mithril-coat of aggravate monster (being worn) Comestibles c - 3 uncursed food rations h - 2 uncursed sprigs of wolfsbane o - an uncursed tin of lichen p - an uncursed clove of garlic E - an uncursed tin of large dog meat Scrolls G - a cursed scroll of taming Potions f - 2 uncursed potions of water t - an uncursed potion of healing v - an uncursed potion of monster detection Rings m - an uncursed ring of poison immunity (on left hand) Wands j - an uncursed wand of lightning (0:1) Tools g - an uncursed credit card k - an uncursed bell l - an uncursed fire horn (0:5) z - an uncursed oil lamp (lit) (0:788) B - an uncursed skeleton key F - an uncursed bag of holding H - an uncursed magic whistle Contents of the bag of holding: an uncursed +0 dagger an uncursed blindfold an uncursed brass lantern (0:1168) an uncursed brass lantern (0:1252) an uncursed oil lamp (0:1024) Spells and supernatural/magical abilities: Name Level Category Cost Memory W - pray for help -- divine ? -- Your skills at the end: Fighting Skills wands [Basic] Weapon Skills dagger [Basic] long sword [Skilled] Spellcasting Skills Final Attributes: You were piously aligned. You were immune to cold. You were immune to poison. You were visible. You were stealthy. You aggravated monsters. You were fast. You were lucky. Odin was noncommittal. You are dead. Vanquished creatures: a baby long worm a freezing sphere a wolf a lynx a panther a gnome king an ogre a bugbear an imp a rock piercer 10 gnome lords 6 gnomish wizards a kobold mummy a gray ooze a floating eye 15 dwarves 5 rothes a rabid rat 4 monkeys 4 orc zombies an iguana 4 hobbits 2 manes a hobgoblin 2 giant rats 51 gnomes 3 garter snakes a gnome zombie 9 jackals 2 foxes 2 kobolds 3 sewer rats a lichen 2 kobold zombies 9 newts 151 creatures vanquished. Voluntary challenges: You had been an atheist until turn 2083. You used a wielded weapon 161 times, starting on turn 16. You read items or engraved 3 times, starting on turn 2124. You never genocided any monsters. You never polymorphed an object. You never changed form. You used no wishes. You never split a pudding. You never wrote Elbereth's name. You never violated your personal moral code. Dungeon overview: The Dungeons of Doom: levels 1 to 3 Level 1 a long staircase Level 2 a hardware shop Level 3 a fountain stairs to The Gnomish Mines The Gnomish Mines: levels 4 to 11 Level 4 stairs to The Dungeons of Doom Level 5 Level 6 Level 7 a lighting shop, a temple to Odin, some fountains Level 8 Level 9 Level 10 Level 11 <- You were here History has recorded: On T:1 you entered the Dungeons of Doom to retrieve the Amulet of Yendor! On T:402 you reached level 2 of The Dungeons of Doom. On T:894 you reached level 3 of The Dungeons of Doom. On T:908 you advanced to experience level 2. On T:1135 you reached level 1 of The Gnomish Mines. On T:1188 you advanced to experience level 3. On T:1218 you advanced to experience level 4. On T:1384 you reached level 2 of The Gnomish Mines. On T:1697 you reached level 3 of The Gnomish Mines. On T:1780 you advanced to experience level 5. On T:1886 you reached level 4 of The Gnomish Mines. On T:2163 you advanced to experience level 6. On T:2177 you reached level 5 of The Gnomish Mines. On T:2607 you reached level 6 of The Gnomish Mines. On T:2748 you advanced to experience level 7. On T:2868 you reached level 7 of The Gnomish Mines. On T:2938 you reached level 8 of The Gnomish Mines. Score breakdown: Gold: 379 ( 8775 points) Experience: 7 levels (13645 points) Exploration: 11 levels ( 23.40%) (13987 points) Discoveries: 12 items ( 4.80%) ( 6572 points) Valuables value: (no points given unless you survive) Artifact value: 0 ( 0 points) Variety of kills: 35 monsters ( 9.21%) ( 9104 points) Turncount: 2976 turns ( -588 points) Survival: died (score multiplied by 80%) Total score: 41196 Latest messages: You hear some noises nearby. The ettin mummy hits! (2x) You hit the ettin mummy! The ettin mummy misses. The ettin mummy hits! You miss the ettin mummy. You hear some noises in the distance. The ettin mummy hits! (2x) You see here a partly eaten panther corpse. You hear some noises nearby. You hear some noises in the distance. You hear some noises nearby. Doggerino misses the gnome mummy. The gnome mummy misses Doggerino. Doggerino bites the gnome mummy. The gnome mummy hits Doggerino. The gnome mummy misses Doggerino. You hit the gnome mummy! Doggerino bites the gnome mummy. The gnome mummy misses Doggerino. (2x) You hit the gnome mummy! Doggerino misses the ettin mummy. The gnome mummy misses Doggerino. The ettin mummy hits! You die... Final status: Farvel Winsalmostnever the Valkyrie, killed by an ettin mummy... You died in The Gnomish Mines on dungeon level 11 with 41196 points, and 379 pieces of gold, after 2976 moves. You were level 7 with a maximum of 88 hit points when you died.